 Dungeon Crawl Stone Soup version 0.20-a0-864-g92acfd1 (webtiles) character file.

430 sankara the Slasher (level 6, -2/76 HPs)
             Began as a Barachi Fighter on Mar 12, 2017.
             Slain by a gnoll
             ... wielding a +0 halberd
              (13 damage)
             ... on level 3 of the Dungeon.
             The game lasted 00:06:25 (2502 turns).

sankara the Slasher (Barachi Fighter)               Turns: 2502, Time: 00:06:26

Health: -2/76      AC: 12    Str: 22    XL:     6   Next: 99%
Magic:  6/6        EV:  6    Int:  8    God:
Gold:   110        SH: 10    Dex: 14    Spells: 5/5 levels left

rFire    . . .     SeeInvis .   a - +0 long sword
rCold    . . .     Gourm    .   v - +0 chain mail
rNeg     . . .     Faith    .   c - +0 shield
rPois    .         Spirit   .   (no helmet)
rElec    .         Reflect  .   (no cloak)
rCorr    .         Harm     .   n - +0 pair of gloves
MR       .....                  j - +0 pair of boots
Stlth    ..........             (no amulet)
Regen    0.3/turn               (no ring)
MPRegen  0.1/turn               (no ring)

@: berserking (expiring), lethally poisoned (-2 -> -2), quick
A: +LOS, swims, slowness 1, strong legs 1
a: Hop


You were on level 3 of the Dungeon.
You were not hungry.

You visited 1 branch of the dungeon, and saw 3 of its levels.

You collected 110 gold pieces.

Inventory:

Hand Weapons
 a - a +0 long sword (weapon)
Armour
 c - a +0 shield (worn)
 j - a +0 pair of boots (worn)
 n - a +0 pair of gloves (worn)
 v - a +0 chain mail (worn)
Wands
 s - a wand of digging (16/24)
Scrolls
 e - 4 scrolls of remove curse {unknown}
 i - 2 scrolls of enchant weapon {unknown}
 m - a scroll of identify {unknown}
 o - a scroll of immolation {unknown}
 q - a scroll of fog {unknown}
 u - a scroll of magic mapping {unknown}
Potions
 d - 2 potions of might
 k - a potion of magic {unknown}
 p - a potion of lignification {unknown}
 r - a potion of flight {unknown}
Comestibles
 f - 2 bread rations
 g - a meat ration
 l - a fruit
 t - 2 royal jellies
 w - 4 chunks of flesh


   Skills:
 + Level 5.2 Fighting
 * Level 5.6 Long Blades
 + Level 5.4 Armour
 + Level 4.5 Shields


You had 5 spell levels left.
You didn't know any spells.

Dungeon Overview and Level Annotations

Branches:
Dungeon (3/15)

Altars:
Makhleb


Innate Abilities, Weirdness & Mutations

Shadows flee at your approach. (+LOS)
You can swim through water.
You cover ground slowly.
You can hop short distances.


Message History

The gnoll hits you from afar with a halberd.
* * * LOW HITPOINT WARNING * * *
The gnoll hits you.
* * * LOW HITPOINT WARNING * * *
The kobold barely misses you.
You are too berserk!
You slash the gnoll!
You kill the gnoll!
You block the kobold's attack.
The kobold throws a stone.
The stone closely misses you.
You slash the kobold!
You kill the kobold!
The gnoll hits you from afar with a halberd.
* * * LOW HITPOINT WARNING * * *
The kobold hits you but does no damage.
You slash the hobgoblin!
You kill the hobgoblin!
You block the kobold's attack.
The gnoll hits you from afar with a halberd!
You die...

######## ###############
#......## ##.....#.......#
#...(...###.....))().....#
'##...).(g.#......(#########
#..........)#..............#.
#.........KK@.....((((.....'.
#..........K#......).......#.
#+##........#.......#########
≈≈≈
#.......###......).......#
≈≈≈ #......##
##.....#.......# ≈≈≈
##########################
≈≈≈#####≈≈≈≈≈≈≈≈≈≈ ≈≈≈≈≈≈≈
≈≈≈≈≈≈≈≈≈≈≈≈≈≈≈≈≈≈ ≈≈≈≈≈≈≈
≈≈≈≈≈≈≈≈≈≈≈≈≈≈≈≈≈≈
≈≈≈≈≈≈≈≈≈≈≈


You could see a gnoll and 3 kobolds.

Vanquished Creatures
  3 big kobolds (D:3)
  Natasha (thrice) (D:3)
  A gnoll (D:3)
  4 adders
  5 worms
  A dart slug (D:1)
  2 leopard geckos
  An orc (D:3)
  3 bats (D:2)
  A giant cockroach (D:2)
  8 hobgoblins
  4 jackals (D:2)
  40 kobolds
  A quokka (D:2)
  2 frilled lizards
  7 goblins
  6 rats
92 creatures vanquished.

Notes
Turn   | Place    | Note
-------+----------+-------------------------------------------
     0 | D:1      | sankara the Barachi Fighter began the quest for the Orb.
     0 | D:1      | Reached XP level 1. HP: 18/18 MP: 1/1
   224 | D:1      | Reached XP level 2. HP: 25/25 MP: 2/2
   874 | D:2      | Reached XP level 3. HP: 26/30 MP: 3/3
   911 | D:2      | Found a burning altar of Makhleb.
  1274 | D:2      | Reached XP level 4. HP: 30/37 MP: 4/4
  1642 | D:3      | Noticed Natasha
  1650 | D:3      | Killed Natasha
  1782 | D:3      | Noticed Natasha
  1797 | D:3      | Killed Natasha
  1797 | D:3      | Reached XP level 5. HP: 27/43 MP: 5/5
  1968 | D:3      | Noticed Natasha
  1976 | D:3      | Killed Natasha
  2153 | D:3      | Noticed a big kobold
  2153 | D:3      | Noticed a big kobold
  2166 | D:3      | Killed a big kobold
  2166 | D:3      | Reached skill level 5 in Long Blades
  2166 | D:3      | Reached XP level 6. HP: 30/50 MP: 6/6
  2173 | D:3      | Reached skill level 5 in Fighting
  2173 | D:3      | Reached skill level 5 in Armour
  2502 | D:3      | Slain by a gnoll

Vault maps used:
D:1:      sevenhm_arrival_forest_fort_small_6
D:2:      nicolae_overflow_crystal_walls
D:3:      minmay_goblin_kobold_castle, lemuel_crystal_altar, uniq_natasha

Skill      XL: |  1  2  3  4  5  6 |
---------------+-------------------+-----
Long Blades    | 3 4 5 |  5.6
Armour         | 4 5 |  5.4
Fighting       | 4 5 |  5.2
Shields        | 4 |  4.5

Action                   |  1- 3 |  4- 6 || total
-------------------------+-------+-------++-------
Melee: Long sword        |    95 |   217 ||   312
  Use: Potion            |       |     1 ||     1
  Eat: Chunk             |     2 |     5 ||     7
Armor: Scale mail        |    40 |    83 ||   123
       Chain mail        |       |    53 ||    53
Dodge: Dodged            |    39 |    88 ||   127
Block: Shield            |    47 |   154 ||   201
       Rpst.: Long sword |    13 |    30 ||    43
